 Dungeon Crawl Stone Soup version 0.24.0-13-gcf9b3192b9 (webtiles) character file.

Game seed: 1110271819789856035, levelgen mode: deterministic

1696 Aelig the Summoner (level 9, -5/57 HPs)
             Began as a Barachi Summoner on Nov 10, 2019.
             Was an Elder of Cheibriados.
             Shot with an arrow by a centaur (11 damage)
             ... on level 10 of the Dungeon.
             The game lasted 00:26:58 (6504 turns).

Aelig the Summoner (Barachi Summoner)               Turns: 6504, Time: 00:27:01

Health: -5/57      AC:  7    Str: 19    XL:     9   Next: 3%
Magic:  0/12       EV: 13    Int: 35    God:    Cheibriados [****..]
Gold:   183        SH:  0    Dex: 22    Spells: 2/12 levels left

rFire    . . .     SeeInvis .   a - +1 whip (elec)
rCold    . . .     Gourm    .   (no shield)
rNeg     . . .     Faith    .   C - +0 leather armour of the Ancient Eyes {*Drain Int+8}
rPois    .         Spirit   .   m - +2 helmet
rElec    .         Reflect  .   (no cloak)
rCorr    .         Harm     .   x - +0 pair of gloves
MR       +....                  (no boots)
Stlth    ++........             (no amulet)
HPRegen  0.19/turn              j - ring of protection from magic
MPRegen  0.13/turn              (no ring)

@: studying Invocations, very slow
A: +LOS, swims, slowness 1, strong legs 1
a: Hop, Bend Time, Temporal Distortion, Slouch, Renounce Religion


You were on level 10 of the Dungeon.
You worshipped Cheibriados.
Cheibriados was greatly pleased with you.
You were not hungry.

You visited 2 branches of the dungeon, and saw 9 of its levels.

You collected 287 gold pieces.
You spent 104 gold pieces at shops.

Inventory:

Hand Weapons
 a - a +1 whip of electrocution (weapon)
 d - a +0 falchion of draining
Missiles
 B - a throwing net (quivered)
Armour
 m - a +2 helmet (worn)
 x - a +0 pair of gloves (worn)
 C - the +0 leather armour of the Ancient Eyes (worn) {*Drain Int+8}
   (You found it on level 6 of the Dungeon)

   It affects your intelligence (+8).
   It causes draining when unequipped.
Magical Staves
 y - an uncursed staff of cold
Jewellery
 j - a ring of protection from magic (left hand)
 D - an uncursed ring of protection from magic
Wands
 n - a wand of clouds (5)
 s - a wand of iceblast (7)
Scrolls
 e - 5 scrolls of teleportation
 i - 2 scrolls of immolation {unknown}
 k - a scroll of magic mapping {unknown}
 l - 2 scrolls of amnesia
 o - a scroll of fog {unknown}
 r - a scroll of noise {unknown}
 u - a scroll of fear {unknown}
 v - a scroll of enchant armour {unknown}
 w - a scroll of random uselessness {unknown}
 E - 3 scrolls of identify
Potions
 b - 2 potions of haste
 f - a potion of mutation {unknown}
 h - a potion of degeneration {unknown}
 q - a potion of flight
Books
 A - a manual of Invocations
Comestibles
 c - 13 rations


   Skills:
 - Level 2.1 Dodging
 - Level 1.7 Stealth
 - Level 2.1 Spellcasting
 - Level 12.0 Summonings
 + Level 6.9 Ice Magic


You had 2 spell levels left.
You knew the following spells:

 Your Spells              Type           Power        Failure   Level  Hunger
a - Summon Small Mammal   Summ           ####         1%          1    None
b - Call Imp              Summ           ######..     1%          2    ##.....
c - Call Canine Familiar  Summ           ######..     1%          3    ###....
d - Summon Ice Beast      Ice/Summ       ######..     1%          4    ####...

Your spell library contained the following spells:

 Spells                   Type           Power        Failure   Level  Hunger
 Ensorcelled Hibernation  Hex/Ice        ####..       2%          2    ##.....
 Corona                   Hex            #......      7%          1    None
 Summon Guardian Golem    Hex/Summ       #####...     1%          3    ###....
 Summon Lightning Spire   Summ/Air       #####...     5%          4    ####...
 Confuse                  Hex            #.......     21%         3    ###....
 Dazzling Spray           Conj/Hex       #.....       21%         3    ###....
 Tukima's Dance           Hex            #.......     21%         3    ###....


Dungeon Overview and Level Annotations

Branches:
Dungeon (7/15)             Temple (1/1) D:4

Altars:
Cheibriados
Dithmenos
Gozag
Hepliaklqana
Kikubaaqudgha
Nemelex Xobeh
Qazlal
Sif Muna
Trog
Uskayaw
Zin

Shops:
D:4 }   D:5 !   D:6 :   D:7 (

Annotations:
D:3 Ijyb
D:7 1 transporter, Akransas's ghost, novice FoAs


Innate Abilities, Weirdness & Mutations

Shadows flee at your approach. (+LOS)
You can swim through water.
You cover ground slowly.
You can hop short distances.


Message History

The ogre barely misses your warg.
Okay, then.
Okay, then.
Evoke which item? (* to show all) (? for menu, Esc to quit)
Aiming: Cloud Cone
Press: ? - help, Dir - move target cursor, f - centaur
Aim: a centaur, wielding a +0 shortbow Really cloud near your white imp?
You create a blast of flame!
You feel less wooden.
Your +2 helmet unmelds from your body.
Your +0 pair of gloves unmelds from your body.
The +0 leather armour of the Ancient Eyes {*Drain Int+8} unmelds from your body.
Your warg barely misses the ogre.
Your white imp is engulfed in blazing flames.
You kill your white imp!
Your ice beast hits the ogre.
Your ice beast freezes the ogre!
The centaur is engulfed in blazing flames.
The centaur shoots an arrow.
The arrow hits you!
You die...

.## # #..
.# #.. .#..
... #.#
#####O####
#.?(hY5..#
#§§5§@.##.#
#§§§§##.#
#c###.Y#..
..# #.#....
#.#
#...#..# #.
...# ## #
..# .# ##


You could see an ogre, a centaur, a crimson imp, a friendly warg, a friendly ice
beast and a friendly shadow imp.

Vanquished Creatures
  A yak (D:10)
  2 centaurs
  A water moccasin zombie (D:5)
  A killer bee (D:10)
  A crimson imp (D:10)
  A hound (D:7)
  A centaur skeleton (D:7)
  2 iguanas
  2 orc wizards
  2 worker ants
  A hound skeleton (D:10)
  2 gnolls
  4 adders
  A worm (D:2)
  3 leopard geckos
  3 orcs
  3 giant cockroaches
  6 goblins
  A jackal (D:7)
  A ball python (D:1)
  3 bats
  3 frilled lizards (D:1)
  A kobold (D:2)
  A leopard gecko skeleton (D:5)
  4 rats
51 creatures vanquished.

Vanquished Creatures (collateral kills)
  A vampire mosquito (D:10)
  An ice beast (D:6)
  An orc warrior (D:6)
  3 sky beasts
  2 ogres
  A centaur (D:7)
  A bullfrog (D:10)
  3 wights (D:7)
  A howler monkey (D:4)
  2 crimson imps
  A centaur zombie (D:7)
  3 hounds
  4 orc wizards
  An orc priest (D:4)
  A gnoll shaman (D:5)
  A bullfrog skeleton (D:5)
  7 worker ants
  10 gnolls
  7 adders
  An ooze (D:7)
  2 adder zombies (D:5)
  4 worms
  2 dart slugs
  5 leopard geckos
  10 orcs
  A bat zombie (D:1)
  7 giant cockroaches
  3 goblins
  A hobgoblin (D:2)
  4 jackals
  A quokka (D:7)
  A ball python zombie (D:5)
  3 frilled lizards
  A giant cockroach zombie (D:1)
  4 kobolds
  A quokka skeleton (D:4)
  A rat (D:1)
103 creatures vanquished.

Grand Total: 154 creatures vanquished

Notes
Turn   | Place    | Note
-------+----------+-------------------------------------------
     0 | D:1      | Aelig the Barachi Summoner began the quest for the Orb.
     0 | D:1      | Reached XP level 1. HP: 13/13 MP: 3/3
   156 | D:1      | Reached skill level 5 in Summonings
   327 | D:1      | Reached XP level 2. HP: 19/19 MP: 3/5
   334 | D:1      | Learned a level 2 spell: Call Imp
  1210 | D:2      | Reached XP level 3. HP: 22/24 MP: 4/6
  1220 | D:2      | Reached skill level 6 in Summonings
  1678 | D:3      | Found a stormy altar of Qazlal.
  1695 | D:3      | Reached XP level 4. HP: 22/30 MP: 3/7
  1747 | D:3      | Noticed Ijyb
  2136 | D:4      | Reached skill level 7 in Summonings
  2214 | D:4      | Found a staircase to the Ecumenical Temple.
  2227 | Temple   | Entered the Ecumenical Temple
  2239 | Temple   | Became a worshipper of Cheibriados the Contemplative
  2264 | D:4      | Found Qauplin's Gadget Shop.
  2420 | D:4      | Learned a level 3 spell: Call Canine Familiar
  2625 | D:4      | Reached XP level 5. HP: 35/35 MP: 2/8
  2949 | D:5      | Entered Level 5 of the Dungeon
  2964 | D:5      | Reached skill level 8 in Summonings
  3030 | D:4      | Reached XP level 6. HP: 17/41 MP: 6/9
  3431 | D:5      | Reached * piety under Cheibriados
  3521 | D:5      | Reached skill level 9 in Summonings
  4199 | D:5      | Noticed a sky beast
  4216 | D:5      | Killed a sky beast
  4216 | D:5      | Reached XP level 7. HP: 46/46 MP: 2/10
  4318 | D:5      | Reached skill level 10 in Summonings
  4738 | D:5      | Found Afoph's Distillery.
  4741 | D:5      | Bought a potion of curing for 39 gold pieces
  4741 | D:5      | Bought a potion of heal wounds for 65 gold pieces
  4808 | D:6      | Got a warped leather armour
  4809 | D:6      | Identified the +0 leather armour of the Ancient Eyes
                  | {*Drain Int+8} (You found it on level 6 of the Dungeon)
  4838 | D:6      | Learned a level 4 spell: Summon Ice Beast
  5088 | D:6      | Reached skill level 1 in Ice Magic
  5092 | D:6      | Reached ** piety under Cheibriados
  5661 | D:6      | Reached XP level 8. HP: 50/52 MP: 4/11
  5795 | D:6      | Found Dosaf's Book Boutique.
  5929 | D:7      | Reached skill level 11 in Summonings
  6047 | D:7      | Found Ifaug Geq's Weapon Boutique.
  6103 | D:7      | Found a transporter.
  6112 | D:7      | Noticed a moth of wrath
  6113 | D:7      | Found a bloodstained altar of Trog.
  6113 | D:7      | Identified the +6 dire flail "Siruesom" {protect, -Tele rC+
                  | rN+}
  6113 | D:7      | Noticed a tengu warrior
  6114 | D:7      | Noticed Akransas's ghost (novice FoAs)
  6134 | D:7      | Reached *** piety under Cheibriados
  6249 | D:7      | Reached skill level 5 in Ice Magic
  6464 | D:7      | You fall into a shaft and drop 3 floors!
  6464 | D:10     | Entered Level 10 of the Dungeon
  6472 | D:10     | Noticed a yak
  6488 | D:10     | Reached **** piety under Cheibriados
  6495 | D:10     | Killed a yak
  6496 | D:10     | Reached skill level 12 in Summonings
  6496 | D:10     | Reached XP level 9. HP: 7/57 MP: 6/12
  6504 | D:10     | Shot with an arrow by a centaur

Levels and vault maps discovered:
D:1:      saegor_arrival_fortress, layout_loops_ring
D:2:      minmay_skewed_foursquare, layout_basic
D:3:      layout_rooms, grunt_qazlal_clouds, uniq_ijyb
D:4:      layout_cave_pods, minmay_temple_entry_glassed_door, first_ration,
          serial_shops, shop
D:5:      minmay_evil_eye, layout_layer_cave, serial_shops, kennysheep_mini,
          minmay_manual_monstrance
D:6:      layout_loops_ring, serial_shops, shop, portal_sewer_entry_f
D:7:      layout_loops_ring, gammafunk_ghost_wrathful_warriors, serial_shops,
          shop
D:10:     minmay_the_grid_3x3 [minmay_the_grid_holed_spiral,
          minmay_the_grid_embedded, minmay_the_grid_eight,
          minmay_the_grid_tri_star, minmay_the_grid_expand,
          minmay_the_grid_empty, minmay_the_grid_paths,
          minmay_the_grid_medium_cups,
          minmay_the_grid_prize_four_corners_diamond_a], layout_loops_ring,
          uniq_nergalle
Temple:   compressed_dpeg_circular_temple

Skill      XL: |  1  2  3  4  5  6  7  8 |
---------------+-------------------------+-----
Summonings     | 5 6 7 8 9 10 12 | 12.0
Ice Magic      | 3 6 |  6.9
Dodging        | |  2.1
Stealth        | |  1.7
Spellcasting   | |  2.1

Action                   |  1- 3 |  4- 6 |  7- 9 || total
-------------------------+-------+-------+-------++-------
Melee: Dagger            |    39 |       |       ||    39
       Unarmed           |     6 |       |       ||     6
       Spear             |    43 |    75 |       ||   118
       Falchion          |       |    10 |    93 ||   103
       Whip              |       |       |    41 ||    41
 Cast: Summon Small Mamm |    22 |     1 |     4 ||    27
       Call Imp          |    11 |    43 |    23 ||    77
       Call Canine Famil |       |     7 |    15 ||    22
       Summon Ice Beast  |       |       |     1 ||     1
 Abil: Hop               |       |     1 |     1 ||     2
Evoke: Wand              |       |       |     1 ||     1
  Use: Scroll            |       |     9 |     3 ||    12
       Potion            |       |     3 |     6 ||     9
 Stab: Sleeping          |     2 |       |       ||     2
       Distracted        |       |     2 |     4 ||     6
  Eat: Chunk             |     4 |     9 |     2 ||    15
       Ration            |       |     1 |     1 ||     2
Armor: Robe              |    19 |    25 |     7 ||    51
       Leather armour    |       |       |    45 ||    45
       Skin              |       |       |    27 ||    27
Dodge: Dodged            |    54 |    61 |   112 ||   227
       Rpst.: Falchion   |       |     5 |    24 ||    29
